 Dungeon Crawl Stone Soup version 0.19.5 (webtiles) character file.

158 Monsterracer the Cudgeler (level 5, -14/57 HPs)
             Began as an Ogre Chaos Knight on Aug 9, 2017.
             Demolished by Crazy Yiuf
             ... wielding a +2 quarterstaff of chaos
              (15 damage)
             ... on level 2 of the Dungeon.
             The game lasted 00:03:49 (2095 turns).

Monsterracer the Cudgeler (Ogre Chaos Knight)       Turns: 2095, Time: 00:03:50

Health: -14/57     AC:  5    Str: 18    XL:     5   Next: 40%
Magic:  5/5        EV: 10    Int: 11    God:    Xom [..*...]
Gold:   65         SH:  0    Dex:  9    Spells: 0 memorised, 4 levels left

rFire  . . .     SeeInvis .     a - +0 mace (chaos)
rCold  . . .     Gourm    .     b - +2 robe
rNeg   . . .     Faith    .     (no shield)
rPois  .         Spirit   .     (helmet restricted)
rElec  .         Reflect  .     (no cloak)
rCorr  .         Harm     .     (gloves unavailable)
MR     .....                    (boots unavailable)
Stlth  +.........               (no amulet)
                                (no ring)
                                (no ring)

@: lethally poisoned (-14 -> -17)
A: unfitting armour, tough skin 1
a: Renounce Religion


You were on level 2 of the Dungeon.
You worshipped Xom.
You were a toy of Xom.
You were not hungry.

You visited 1 branch of the dungeon, and saw 2 of its levels.

You collected 65 gold pieces.

Inventory:

Hand Weapons
 a - a +0 mace of chaos (weapon)
 r - a +1 war axe of electrocution
Missiles
 p - 4 stones (quivered)
Armour
 b - a +2 robe (worn)
Wands
 g - a wand of acid (0/15)
 m - a wand of random effects (32/48)
Scrolls
 e - 3 scrolls of identify
 i - 4 scrolls of enchant weapon {unknown}
 j - a scroll of random uselessness {unknown}
 l - a scroll of remove curse {unknown}
 n - a scroll of enchant armour {unknown}
Potions
 h - a potion of heal wounds
 o - a potion of magic
 q - a potion of cure mutation
Comestibles
 c - 2 bread rations
 d - 6 chunks of flesh
 f - a royal jelly
 k - a slice of pizza


   Skills:
 * Level 5.3 Fighting
 * Level 5.9 Maces & Flails
 + Level 1.6 Throwing
 + Level 2.6 Dodging


You had 4 spell levels left.
You didn't know any spells.

Dungeon Overview and Level Annotations

Branches:
Dungeon (2/15)

Altars:

Annotations:
D:2 Crazy Yiuf, Natasha


Innate Abilities, Weirdness & Mutations

You are too large for most types of armour.
You have tough skin. (AC +1)


Message History

* * * LOW HITPOINT WARNING * * *
You suddenly lose the ability to move!
The white imp puffs mist at you.
The kobold throws a stone.
The stone completely misses you. Something hits you.
* * * LOW HITPOINT WARNING * * *
The shadow imp shouts, "Out, out, thou villainous common-kissing clack-dish!"
Natasha casts a spell.
Something hits you!
* * * LOW HITPOINT WARNING * * *
You are poisoned.
You can move again.
Huge Dmg: -44%(-25hp) hp: 16%(9hp) Unknown command.
You closely miss something.
You feel sick. Something hits you!
* * * LOW HITPOINT WARNING * * *
Xom is interested.
You are electrocuted!
You die...
Xom roars with laughter!

#.##.###
#....###........#
#.##.# ##.÷##
#........# #.##.#
♣....♣ #........#
#.##.# ♣♣...♣
#........#
#.##.## ♣♣.♣♣
#........###
#.....# ♣♣.♣
#...........
####.## ♣.♣♣
#........### #.#
♣♣.♣ ##'#........
#.# ♣@♣♣
#.#.####### #.#
#{# #.#.###...#
#.#


hK5 #.#.......# #.## #.5.# #.#.....#.# #..# #)5.# #.#.>....## #..# #####
#.#..##.... ##.# #.#...#..#. #.######## #.#..<#..#. #........# #.#.###..#. You
could see an iron imp, Natasha, a white imp, a shadow imp and a kobold.

Vanquished Creatures
  Terence (D:2)
  Natasha (twice) (D:2)
  2 adders (D:2)
  An ooze (D:2)
  A worm (D:2)
  A dart slug (D:2)
  A leopard gecko (D:1)
  10 goblins
  7 hobgoblins
  2 jackals (D:1)
  7 bats
  4 frilled lizards
  11 kobolds
  11 rats
61 creatures vanquished.

Notes
Turn   | Place    | Note
-------+----------+-------------------------------------------
     0 | D:1      | Monsterracer the Ogre Chaos Knight began the quest for the Orb.
     0 | D:1      | Reached XP level 1. HP: 24/24 MP: 1/1
   158 | D:1      | Reached XP level 2. HP: 29/33 MP: 2/2
   571 | D:1      | XOM: silly message
   618 | D:1      | Reached XP level 3. HP: 40/40 MP: 3/3
   639 | D:1      | XOM: divination: magic mapping
   687 | D:1      | XOM: harmless Necr miscast
  1103 | D:2      | Noticed Terence
  1110 | D:2      | Killed Terence
  1110 | D:2      | Reached skill level 5 in Maces & Flails
  1110 | D:2      | Reached skill level 1 in Throwing
  1110 | D:2      | Reached XP level 4. HP: 45/49 MP: 4/4
  1196 | D:2      | Reached skill level 5 in Fighting
  1308 | D:2      | Noticed Natasha
  1311 | D:2      | XOM: enchant monster (good)
  1320 | D:2      | Killed Natasha
  1423 | D:2      | XOM: divination: detect creatures
  1437 | D:2      | Noticed Natasha
  1446 | D:2      | Killed Natasha
  1446 | D:2      | Reached XP level 5. HP: 42/57 MP: 5/5
  1613 | D:2      | Found a runed door.
  2084 | D:2      | Noticed Crazy Yiuf
  2084 | D:2      | Noticed Natasha
  2092 | D:2      | Paralysed by something for 3 turns
  2095 | D:2      | HP: 1/57 [something (7)]
  2095 | D:2      | Demolished by Crazy Yiuf

Skill      XL: |  1  2  3  4 |
---------------+-------------+-----
Maces & Flails | 5 |  5.9
Throwing       | 1 |  1.6
Fighting       | 5 |  5.3
Dodging        | |  2.6

Action                   |  1- 3 |  4- 6 || total
-------------------------+-------+-------++-------
Melee: Mace              |    75 |    94 ||   169
Throw: Stone             |    34 |    28 ||    62
Evoke: Wand              |     4 |     1 ||     5
  Use: Scroll            |     2 |     2 ||     4
  Eat: Chunk             |     1 |     3 ||     4
Armor: Robe              |    23 |    35 ||    58
Dodge: Dodged            |    38 |    39 ||    77
